[ AOE2 MATCH · #469760757 ]
UnrankedMaya vs Bulgarians
[ REPLAY ANALYSIS · EXTRACTED FROM THE RECORDED GAME ]
Feudal
11:24
Castle
—
Imperial
—
| APM avg | 48.7 |
| APM peak | 89 |
| eAPM avg | 15.9 |
| Villagers / military | 34 / 19 |
Focus
⚔️ 23.9% · 🌾 76.1%
Archer ×15 · Militia ×2 · Skirmisher ×2
Feudal
18:57
Castle
—
Imperial
—
| APM avg | 12.1 |
| APM peak | 20 |
| eAPM avg | 9.3 |
| Villagers / military | 32 / 5 |
Focus
⚔️ 9.9% · 🌾 90.1%
Militia ×5
Feudal
—
Castle
—
Imperial
—
| APM avg | 18.8 |
| APM peak | 53 |
| eAPM avg | 8.2 |
| Villagers / military | 28 / 16 |
Focus
⚔️ 21.5% · 🌾 78.5%
Archer ×7 · Skirmisher ×7 · Militia ×2
Feudal
11:33
Castle
—
Imperial
—
| APM avg | 20.1 |
| APM peak | 42 |
| eAPM avg | 9.0 |
| Villagers / military | 33 / 3 |
Focus
⚔️ 14.5% · 🌾 85.5%
Scout Cavalry ×3
Match map
Initial resources + every placement click. Lines = walls · curves = elevation contours. ◆ gold · ⬟ stone · ● berries · ✦ relic · ◌ wall gap
Inputs per minute
— firestormy - - jorgerizek
Build order — firestormy
106 actions detected in the replay
| 0:02 | Create | Villager (Male) |
| 0:04 | Research | Loom |
| 0:10 | Build | House |
| 0:14 | Build | House |
| 0:16 | Create | Villager (Male) |
| 0:16 | Create | Villager (Male) |
| 0:26 | Create | Villager (Male) |
| 1:32 | Build | Outpost |
| 1:46 | Create | Villager (Male) |
| 1:47 | Create | Villager (Male) |
| 2:31 | Create | Villager (Male) |
| 2:31 | Create | Villager (Male) |
| 3:05 | Create | Villager (Male) |
| 3:06 | Create | Villager (Male) |
| 3:57 | Create | Villager (Male) |
| 3:58 | Create | Villager (Male) |
| 3:58 | Create | Villager (Male) |
| 5:07 | Create | Villager (Male) |
| 5:07 | Create | Villager (Male) |
| 5:15 | Build | House |
| 5:40 | Create | Villager (Male) |
| 5:45 | Build | Lumber Camp |
| 6:27 | Create | Villager (Male) |
| 7:01 | Create | Villager (Male) |
| 7:01 | Create | Villager (Male) |
| 7:08 | Build | House |
| 7:17 | Build | Palisade Wall |
| 7:19 | Build | Palisade Wall |
| 7:21 | Build | Palisade Wall |
| 7:22 | Build | Palisade Wall |
| 7:23 | Build | Palisade Wall |
| 7:24 | Build | Palisade Wall |
| 7:24 | Build | Palisade Wall |
| 7:26 | Build | Palisade Wall |
| 7:26 | Build | Palisade Wall |
| 7:27 | Build | Palisade Wall |
| 7:27 | Build | Palisade Wall |
| 7:27 | Build | Palisade Wall |
| 7:46 | Create | Villager (Male) |
| 8:10 | Create | Villager (Male) |
| 8:34 | Build | Mill |
| 8:45 | Create | Villager (Male) |
| 9:14 | Research | Feudal Age |
| 9:39 | Build | House |
| 10:07 | Build | Barracks |
| 11:02 | Build | House |
| 11:10 | Create | Militia |
| 11:11 | Create | Militia |
| 11:24 | Age | Feudal Age |
| 11:30 | Build | Watch Tower |
| 11:36 | Create | Villager (Male) |
| 12:15 | Build | Palisade Wall |
| 12:16 | Build | Palisade Wall |
| 12:17 | Build | Palisade Wall |
| 12:17 | Build | Palisade Wall |
| 12:18 | Build | Palisade Wall |
| 12:18 | Build | Palisade Wall |
| 12:19 | Build | Palisade Wall |
| 12:19 | Build | Palisade Wall |
| 12:25 | Build | Archery Range |
| 12:30 | Build | Mining Camp |
| 12:38 | Build | Mining Camp |
| 12:50 | Create | Villager (Male) |
| 12:50 | Create | Villager (Male) |
| 12:57 | Research | Double-Bit Axe |
| 13:04 | Create | Skirmisher |
| 13:19 | Build | Mining Camp |
| 13:21 | Create | Villager (Male) |
| 13:37 | Create | Skirmisher |
| 14:04 | Create | Archer |
| 14:10 | Research | Wheelbarrow |
| 14:19 | Create | Villager (Male) |
| 14:26 | Create | Archer |
| 14:38 | Build | House |
| 14:42 | Research | Town Watch |
| 14:59 | Create | Archer |
| 15:02 | Create | Villager (Male) |
| 15:06 | Build | Blacksmith |
| 15:59 | Create | Villager (Male) |
| 16:08 | Create | Archer |
| 16:08 | Create | Archer |
| 16:45 | Create | Archer |
| 16:45 | Create | Archer |
| 17:00 | Create | Archer |
| 17:00 | Create | Archer |
| 17:07 | Create | Villager (Male) |
| 17:07 | Create | Villager (Male) |
| 17:21 | Build | Farm |
| 17:22 | Build | Farm |
| 17:24 | Build | Farm |
| 17:28 | Create | Villager (Male) |
| 17:32 | Build | House |
| 17:40 | Create | Archer |
| 17:40 | Create | Archer |
| 18:21 | Build | Watch Tower |
| 18:29 | Research | Fletching |
| 18:37 | Create | Archer |
| 18:38 | Create | Archer |
| 18:58 | Create | Villager (Male) |
| 18:58 | Create | Villager (Male) |
| 19:03 | Build | Farm |
| 19:04 | Build | Farm |
| 19:04 | Build | Farm |
| 20:12 | Build | Watch Tower |
| 20:53 | Create | Archer |
| 20:53 | Create | Archer |
Build order — jorgerizek
65 actions detected in the replay
| 0:04 | Build | House |
| 0:08 | Build | House |
| 0:13 | Create | Villager (Male) |
| 0:13 | Create | Villager (Male) |
| 0:13 | Create | Villager (Male) |
| 0:13 | Create | Villager (Male) |
| 0:14 | Create | Villager (Male) |
| 0:37 | Build | House |
| 1:45 | Create | Villager (Male) |
| 1:46 | Create | Villager (Male) |
| 2:29 | Create | Villager (Male) |
| 2:59 | Create | Villager (Male) |
| 2:59 | Create | Villager (Male) |
| 3:21 | Create | Villager (Male) |
| 3:22 | Create | Villager (Male) |
| 3:57 | Create | Villager (Male) |
| 4:18 | Create | Villager (Male) |
| 4:18 | Create | Villager (Male) |
| 4:29 | Build | Barracks |
| 4:55 | Create | Villager (Male) |
| 5:49 | Create | Villager (Male) |
| 5:49 | Create | Villager (Male) |
| 5:50 | Create | Villager (Male) |
| 6:52 | Build | Mining Camp |
| 7:09 | Create | Villager (Male) |
| 7:10 | Create | Villager (Male) |
| 7:27 | Build | House |
| 7:29 | Build | House |
| 7:58 | Build | House |
| 8:41 | Build | Mill |
| 8:53 | Build | Palisade Wall |
| 9:29 | Build | Mill |
| 11:55 | Build | Lumber Camp |
| 12:35 | Build | House |
| 12:48 | Build | Palisade Wall |
| 12:59 | Build | Palisade Wall |
| 13:10 | Build | Farm |
| 13:24 | Build | House |
| 13:40 | Build | Farm |
| 14:10 | Build | Farm |
| 14:26 | Build | Palisade Wall |
| 14:35 | Build | Farm |
| 14:58 | Build | Farm |
| 15:26 | Build | Farm |
| 16:15 | Build | Building 804 |
| 16:47 | Research | Feudal Age |
| 16:50 | Create | Militia |
| 17:15 | Create | Militia |
| 18:08 | Create | Villager (Male) |
| 18:09 | Create | Villager (Male) |
| 18:09 | Create | Villager (Male) |
| 18:40 | Create | Villager (Male) |
| 18:40 | Create | Villager (Male) |
| 18:57 | Age | Feudal Age |
| 19:01 | Build | Watch Tower |
| 19:09 | Create | Militia |
| 19:24 | Create | Villager (Male) |
| 19:25 | Create | Villager (Male) |
| 19:47 | Create | Militia |
| 19:47 | Create | Militia |
| 20:09 | Create | Villager (Male) |
| 20:10 | Create | Villager (Male) |
| 20:19 | Build | Watch Tower |
| 20:34 | Create | Villager (Male) |
| 20:34 | Create | Villager (Male) |
Build order — Breakey
79 actions detected in the replay
| 0:04 | Build | House |
| 0:07 | Build | House |
| 0:08 | Create | Villager (Male) |
| 0:41 | Create | Villager (Male) |
| 0:42 | Create | Villager (Male) |
| 0:42 | Create | Villager (Male) |
| 1:48 | Create | Villager (Male) |
| 2:09 | Build | Lumber Camp |
| 2:17 | Create | Villager (Male) |
| 2:50 | Create | Villager (Male) |
| 3:29 | Create | Villager (Male) |
| 3:54 | Create | Villager (Male) |
| 4:29 | Create | Villager (Male) |
| 5:00 | Build | House |
| 5:36 | Create | Villager (Male) |
| 5:51 | Build | Palisade Gate |
| 5:58 | Build | Palisade Wall |
| 6:32 | Build | Mill |
| 6:39 | Create | Villager (Male) |
| 6:40 | Create | Villager (Male) |
| 7:18 | Create | Villager (Male) |
| 7:44 | Create | Villager (Male) |
| 8:01 | Create | Villager (Male) |
| 8:25 | Build | House |
| 8:50 | Build | Barracks |
| 9:02 | Build | Palisade Wall |
| 9:08 | Build | Palisade Wall |
| 9:15 | Create | Villager (Male) |
| 9:15 | Create | Villager (Male) |
| 9:34 | Create | Villager (Male) |
| 9:45 | Research | Loom |
| 10:01 | Build | Farm |
| 10:06 | Build | Farm |
| 10:14 | Build | Farm |
| 10:14 | Build | Farm |
| 10:14 | Build | Farm |
| 10:14 | Build | Farm |
| 10:29 | Build | Farm |
| 10:40 | Create | Villager (Male) |
| 10:48 | Create | Villager (Male) |
| 10:57 | Build | Building 804 |
| 11:01 | Create | Villager (Male) |
| 11:27 | Research | Feudal Age |
| 11:35 | Build | Palisade Wall |
| 11:51 | Build | Mining Camp |
| 12:27 | Create | Villager (Male) |
| 12:48 | Build | House |
| 13:09 | Build | House |
| 13:10 | Build | House |
| 13:18 | Build | Farm |
| 13:26 | Build | Palisade Wall |
| 13:31 | Build | Building 796 |
| 13:39 | Build | Farm |
| 13:41 | Build | Farm |
| 14:01 | Create | Villager (Male) |
| 14:13 | Build | Archery Range |
| 14:15 | Create | Villager (Male) |
| 14:40 | Create | Militia |
| 15:10 | Create | Archer |
| 15:23 | Build | Farm |
| 15:34 | Create | Archer ×2 |
| 15:40 | Create | Militia |
| 15:49 | Build | House |
| 16:03 | Create | Archer |
| 16:19 | Create | Villager (Male) |
| 16:20 | Create | Villager (Male) |
| 16:29 | Build | Farm |
| 16:59 | Create | Archer |
| 17:05 | Build | House |
| 17:14 | Build | Farm |
| 17:40 | Create | Skirmisher |
| 17:40 | Create | Skirmisher |
| 17:48 | Create | Villager (Male) |
| 17:53 | Research | Wheelbarrow |
| 18:01 | Build | Archery Range |
| 18:07 | Create | Skirmisher ×2 |
| 18:51 | Create | Archer |
| 18:52 | Create | Archer |
| 18:54 | Create | Skirmisher ×3 |
Build order — BigLootyRiches
67 actions detected in the replay
| 0:04 | Build | House |
| 0:06 | Build | House |
| 0:28 | Create | Villager (Male) |
| 0:28 | Create | Villager (Male) |
| 0:29 | Create | Villager (Male) |
| 0:31 | Create | Villager (Male) |
| 0:31 | Create | Villager (Male) |
| 1:16 | Research | Loom |
| 1:29 | Create | Villager (Male) |
| 1:29 | Create | Villager (Male) |
| 1:29 | Create | Villager (Male) |
| 1:42 | Build | Palisade Wall |
| 1:44 | Build | Palisade Wall |
| 1:46 | Build | Palisade Wall |
| 1:48 | Build | Palisade Wall |
| 1:49 | Build | Palisade Wall |
| 2:11 | Build | Mill |
| 2:28 | Create | Villager (Male) |
| 3:09 | Create | Villager (Male) |
| 3:09 | Create | Villager (Male) |
| 4:06 | Create | Villager (Male) |
| 4:06 | Create | Villager (Male) |
| 4:47 | Create | Villager (Male) |
| 4:48 | Create | Villager (Male) |
| 5:54 | Create | Villager (Male) |
| 5:54 | Create | Villager (Male) |
| 6:41 | Build | House |
| 6:50 | Create | Villager (Male) |
| 6:50 | Create | Villager (Male) |
| 7:35 | Build | House |
| 8:38 | Build | Lumber Camp |
| 8:40 | Create | Villager (Male) |
| 9:23 | Research | Feudal Age |
| 10:00 | Build | House |
| 11:05 | Build | Barracks |
| 11:33 | Age | Feudal Age |
| 12:03 | Build | Mill |
| 12:11 | Build | Watch Tower |
| 12:19 | Build | House |
| 12:28 | Build | Palisade Wall |
| 12:35 | Create | Villager (Male) |
| 12:36 | Create | Villager (Male) |
| 12:37 | Create | Villager (Male) |
| 12:38 | Create | Villager (Male) |
| 12:58 | Build | Watch Tower |
| 13:03 | Build | House |
| 14:09 | Build | Mining Camp |
| 14:31 | Create | Villager (Male) |
| 14:31 | Create | Villager (Male) |
| 14:31 | Create | Villager (Male) |
| 14:31 | Create | Villager (Male) |
| 14:32 | Create | Villager (Male) |
| 15:26 | Build | Watch Tower |
| 16:41 | Build | Farm |
| 16:48 | Build | Stable |
| 17:08 | Create | Villager (Male) |
| 17:09 | Create | Villager (Male) |
| 17:32 | Build | Blacksmith |
| 17:34 | Create | Scout Cavalry |
| 17:35 | Create | Scout Cavalry |
| 17:35 | Create | Scout Cavalry |
| 17:58 | Create | Villager (Male) |
| 17:59 | Create | Villager (Male) |
| 18:42 | Build | Watch Tower |
| 18:49 | Build | House |
| 18:52 | Build | Palisade Wall |
| 20:18 | Build | Mill |
Match timeline
| 1:42 | BigLootyRiches · wall_segment Palisade Wall x4 |
| 1:44 | BigLootyRiches · wall_segment Palisade Wall x5 |
| 1:46 | BigLootyRiches · wall_segment Palisade Wall x4 |
| 1:48 | BigLootyRiches · wall_segment Palisade Wall x3 |
| 1:49 | BigLootyRiches · wall_segment Palisade Wall x2 |
| 4:29 | jorgerizek · first_building Barracks |
| 5:58 | Breakey · wall_segment Palisade Wall x4 |
| 7:17 | firestormy · wall_segment Palisade Wall x1 |
| 7:19 | firestormy · wall_segment Palisade Wall x1 |
| 7:21 | firestormy · wall_segment Palisade Wall x1 |
| 7:22 | firestormy · wall_segment Palisade Wall x1 |
| 7:23 | firestormy · wall_segment Palisade Wall x1 |
| 7:24 | firestormy · wall_segment Palisade Wall x1 |
| 7:24 | firestormy · wall_segment Palisade Wall x1 |
| 7:26 | firestormy · wall_segment Palisade Wall x1 |
| 7:26 | firestormy · wall_segment Palisade Wall x1 |
| 7:27 | firestormy · wall_segment Palisade Wall x1 |
| 7:27 | firestormy · wall_segment Palisade Wall x1 |
| 7:27 | firestormy · wall_segment Palisade Wall x1 |
| 8:50 | Breakey · first_building Barracks |
| 8:53 | jorgerizek · wall_segment Palisade Wall x8 |
| 9:02 | Breakey · wall_segment Palisade Wall x5 |
| 9:08 | Breakey · wall_segment Palisade Wall x1 |
| 10:07 | firestormy · first_building Barracks |
| 11:05 | BigLootyRiches · first_building Barracks |
| 11:24 | firestormy · age_up feudal |
| 11:33 | BigLootyRiches · age_up feudal |
| 11:35 | Breakey · wall_segment Palisade Wall x8 |
| 12:15 | firestormy · wall_segment Palisade Wall x1 |
| 12:16 | firestormy · wall_segment Palisade Wall x1 |
| 12:17 | firestormy · wall_segment Palisade Wall x1 |
| 12:17 | firestormy · wall_segment Palisade Wall x1 |
| 12:18 | firestormy · wall_segment Palisade Wall x1 |
| 12:18 | firestormy · wall_segment Palisade Wall x1 |
| 12:19 | firestormy · wall_segment Palisade Wall x1 |
| 12:19 | firestormy · wall_segment Palisade Wall x1 |
| 12:25 | firestormy · first_building Archery Range |
| 12:28 | BigLootyRiches · wall_segment Palisade Wall x1 |
| 12:48 | jorgerizek · wall_segment Palisade Wall x4 |
| 12:59 | jorgerizek · wall_segment Palisade Wall x1 |
| 13:26 | Breakey · wall_segment Palisade Wall x19 |
| 14:13 | Breakey · first_building Archery Range |
| 14:26 | jorgerizek · wall_segment Palisade Wall x10 |
| 16:48 | BigLootyRiches · first_building Stable |
| 18:52 | BigLootyRiches · wall_segment Palisade Wall x1 |
| 18:57 | jorgerizek · age_up feudal |
| 19:53 | Breakey · resign |
[ AI ANALYSIS · 1 CREDIT ]
What really happened in this match?
Wolo.gg analyzes every decision: build order, eco, micro, common mistakes by bracket. Personalized analysis on WhatsApp or Discord in 30 seconds.
Civ guide
Maya
Perfil
Jugador #5254008